 Dungeon Crawl Stone Soup version 0.25.1-2-g60ff931df9 (webtiles) character file.

Game seed: 564877137025982735

79 DogServant the Insei (level 4, 0/48 HPs)
             Began as a Merfolk Transmuter on Oct 18, 2020.
             Slain by a gnoll
             ... wielding a +2 vorpal halberd
              (1 damage)
             ... on level 2 of the Dungeon.
             The game lasted 00:04:41 (2037 turns).

DogServant the Insei (Merfolk Transmuter)           Turns: 2037, Time: 00:04:41

Health: 0/48       AC: 22    Str:  8 (11) XL:     4   Next: 37%
Magic:  0/7        EV:  2    Int:  9 (12) God:
Gold:   36         SH:  0    Dex: 12 (14) Spells: 4/7 levels left

rFire    . . .     SeeInvis .     - Unarmed
rCold    . . .     Gourm    .   (no shield)
rNeg     + + +     Faith    .   (armour currently unavailable)
rPois    +         Spirit   .   (helmet currently unavailable)
rElec    .         Reflect  .   (cloak currently unavailable)
rCorr    .         Harm     .   (gloves currently unavailable)
MR       .....     NoTele   +   (boots currently unavailable)
Stlth    +.........             h - amulet of regeneration
HPRegen  0.56/turn              (no ring)
MPRegen  0.10/turn              (no ring)

@: tree-form
A: (change form in water), (swift swim), (stealthy swim)
a: no special abilities


You were on level 2 of the Dungeon.
You were hungry.
You were a tree.
You visited 1 branch of the dungeon, and saw 2 of its levels.

You collected 36 gold pieces.

Inventory:

Missiles
 a - 5 arrows
 f - 6 poisoned darts (quivered)
Armour
 b - a +1 robe (melded)
Jewellery
 h - an amulet of regeneration (around neck)
Scrolls
 i - a scroll of remove curse
Comestibles
 c - a chunk of flesh
 d - 2 rations


   Skills:
 - Level 1.1 Fighting
 - Level 2.6 Dodging
 + Level 5.5 Unarmed Combat
 - Level 2.0 Spellcasting
 - Level 2.6 Transmutations


You had 4 spell levels left.
You knew the following spells:

 Your Spells              Type           Power        Failure   Level  Hunger
a - Beastly Appendage     Tmut           #.....       11%         1    ##.....
b - Sticks to Snakes      Tmut           #.......     17%         2    ###....

Your spell library contained the following spells:

 Spells                   Type           Power        Failure   Level  Hunger
 Spider Form              Tmut/Pois      #.........   50%         3    ####...
 Ice Form                 Ice/Tmut       #.......     88%         4    #####..
 Blade Hands              Tmut           #.........   97%         5    ######.


Dungeon Overview and Level Annotations

Branches:
Dungeon (2/15)

Altars:
Dithmenos
Wu Jian

Annotations:
D:2 Jessica


Message History

Aim: a gnoll, wielding a +2 vorpal halberd You throw a poisoned dart.
The poisoned dart closely misses the gnoll.
You kill the gnoll!
The giant cockroach bites you but does no damage.
The gnoll hits you but does no damage. x2
Unknown command.
Throwing (i - inventory)
f - 7 poisoned darts (quivered)
Press: ? - help, Shift-Dir - straight line, f - gnoll, p - gnoll
Aim: a gnoll, wielding a +0 spear (moderately wounded)
You throw a poisoned dart.
The poisoned dart hits the giant cockroach.
The giant cockroach is poisoned.
The giant cockroach bites you but does no damage.
Your adder bites the gnoll.
The gnoll is poisoned.
Your adder poisons the gnoll!
The gnoll hits you from afar with a +0 spear.
* * * LOW HITPOINT WARNING * * *
The gnoll hits you from afar with a +2 vorpal halberd.
You die...

.).........÷...#.#.........
.............#.#(........
...........g.(...........
........###.#s#..........
###########.g............
#(#.#.#.........
##g†)g..........
#s#S#..........
##♣"...........
#####......... ###


You could see 2 gnolls, a giant cockroach (poisoned) and a friendly adder.

Vanquished Creatures
  Robin (D:2)
  A gnoll (D:2)
  A leopard gecko (D:2)
  4 bats
  A giant cockroach (D:2)
  16 goblins
  10 hobgoblins
  7 jackals (D:1)
  A quokka (D:2)
  A ball python (D:1)
  2 frilled lizards
  4 kobolds
  A rat (D:2)
50 creatures vanquished.

Notes
Turn   | Place    | Note
-------+----------+-------------------------------------------
     0 | D:1      | DogServant the Merfolk Transmuter began the quest for the
                  | Orb.
     0 | D:1      | Reached XP level 1. HP: 15/15 MP: 3/3
   261 | D:1      | Reached XP level 2. HP: 20/21 MP: 3/5
   311 | D:1      | Reached skill level 4 in Unarmed Combat
   774 | D:1      | Reached XP level 3. HP: 21/26 MP: 6/6
  1593 | D:2      | Found a shadowy altar of Dithmenos.
  1662 | D:2      | Found an ornate altar of the Wu Jian Council.
  1711 | D:2      | Reached skill level 5 in Unarmed Combat
  1786 | D:2      | Noticed Robin
  1796 | D:2      | Learned a level 2 spell: Sticks to Snakes
  1812 | D:2      | Killed Robin
  1812 | D:2      | Reached XP level 4. HP: 32/32 MP: 4/7
  1909 | D:2      | Noticed Jessica
  2035 | D:2      | HP: 2/48 [gnoll/+2 vorpal halberd (1)]
  2037 | D:2      | Slain by a gnoll

Illustrated notes

Levels and vault maps discovered:
D:1:      giann_horns, layout_loops_ring, chequers_serial_rivers_micro_c
D:2:      lemuel_upstairs_altar, layout_basic, overflow_temple_1_default,
          nicolae_overflow_crystal_walls, minmay_misc_feat_five, hex_tiny,
          uniq_jessica, uniq_robin

Skill      XL: |  1  2  3 |
---------------+----------+-----
Unarmed Combat | 4 5 |  5.5
Fighting       | |  1.1
Dodging        | |  2.6
Spellcasting   | |  2.0
Transmutations | |  2.6

Action                   |  1- 3 |  4- 6 || total
-------------------------+-------+-------++-------
Melee: Unarmed           |   125 |    23 ||   148
       Headbutt          |    12 |     2 ||    14
Throw: Dart              |       |    13 ||    13
 Cast: Beastly Appendage |    19 |     4 ||    23
       Sticks to Snakes  |     1 |     6 ||     7
  Use: Scroll            |     2 |     1 ||     3
       Potion            |     1 |     3 ||     4
 Stab: Distracted        |     1 |       ||     1
  Eat: Chunk             |     3 |     1 ||     4
Armor: Robe              |    19 |     6 ||    25
       Skin              |       |    31 ||    31
Dodge: Dodged            |    78 |    28 ||   106
